 Dungeon Crawl Stone Soup version 0.18.1-50-g88ac8fd (console) character file.

4920 Kloppie the Cleaver (level 10, -16/91 HPs)
             Began as a Hill Orc Berserker on Sept 23, 2016.
             Was an Elder of Trog.
             Killed from afar by a fire dragon (25 damage)
             ... with a blast of flame
             ... on level 9 of the Dungeon.
             The game lasted 00:10:55 (6831 turns).

Kloppie the Cleaver (Hill Orc Berserker)            Turns: 6831, Time: 00:10:56

Health: -16/91     AC: 16    Str: 24    XL:     10   Next: 51%
Magic:  10/10      EV:  9    Int:  7    God:    Trog [****..]
Gold:   499        SH:  0    Dex: 10    Spells: 0 memorised, 9 levels left

rFire  . . .     SeeInvis .     a - +5 broad axe "Uraunlak" {chop, rElec}
rCold  . . .     Gourm    .     j - +0 chain mail
rNeg   . . .     Faith    .     (no shield)
rPois  .         Spirit   .     q - +0 helmet
rElec  +         Dismiss  .     o - +1 cloak
rCorr  .         Reflect  .     C - +0 pair of gloves
SustAt .         Harm     .     (no boots)
MR     +....                    h - amulet of regeneration
Stlth  ..........               z - ring of protection from magic
                                (no ring)

@: exhausted, slowed, invisible, very slow, somewhat resistant to hostile
enchantments, extremely unstealthy
A: no striking features
a: Berserk, Trog's Hand, Brothers in Arms, Burn Spellbooks, Renounce Religion


You were on level 9 of the Dungeon.
You worshipped Trog.
Trog was greatly pleased with you.
You were not hungry.

You visited 1 branch of the dungeon, and saw 9 of its levels.

You collected 499 gold pieces.

Inventory:

Hand Weapons
 a - the +5 broad axe "Uraunlak" (weapon) {chop, rElec}
   (You acquired it on level 6 of the Dungeon)

   It inflicts extra damage upon your enemies.
   It insulates you from electricity.
 b - a +0 hand axe of flaming
 f - a +4 war axe of protection
Armour
 j - a +0 chain mail (worn)
 o - a +1 cloak (worn)
 q - a +0 helmet (worn)
 C - a +0 pair of gloves (worn)
Jewellery
 h - an amulet of regeneration (around neck)
 u - an uncursed ring of fire
 z - a ring of protection from magic (right hand)
 F - an uncursed ring of fire
Wands
 d - a wand of flame (35/48)
 y - a wand of disintegration (10/24)
 H - a wand of flame (32/48)
Scrolls
 g - a scroll of enchant weapon
 i - 4 scrolls of enchant armour
 n - a scroll of fog
 s - 3 scrolls of teleportation
 v - 2 scrolls of magic mapping
 w - 2 scrolls of remove curse
 D - a scroll of recharging
 I - 3 scrolls of identify
 K - a scroll of blinking
Potions
 e - a potion of haste
 k - 3 potions of might
 m - a potion of berserk rage
 p - a potion of cancellation
 r - 2 potions of agility
 t - 5 potions of curing
 B - a potion of cure mutation {unknown}
 E - a potion of lignification {unknown}
 G - 3 potions of flight
 L - a potion of ambrosia {unknown}
 M - 2 potions of degeneration {unknown}
Comestibles
 c - 8 bread rations
 l - 4 meat rations
 A - 3 slices of pizza
 J - a beef jerky
 N - 2 chunks of flesh


   Skills:
 + Level 9.4 Fighting
 + Level 13.9 Axes
 - Level 9.0 Armour
 - Level 1.5 Dodging


You had 9 spell levels left.
You didn't know any spells.

Dungeon Overview and Level Annotations

Branches:
Dungeon (9/15)             Temple (0/1) D:7
   Lair: D:8-11         Orc: D:9-12

Altars:
Cheibriados
Dithmenos
Gozag
Kikubaaqudgha
Okawaru
Pakellas
Qazlal
Trog
Vehumet
Yredelemnul
The Shining One


Message History

The fire dragon is lightly wounded.
The fire dragon bites you!
The fire dragon claws you but does no damage.
The fire dragon barely misses you.
You completely miss the fire dragon.
The fire dragon is lightly wounded.
The fire dragon bites you but does no damage.
The fire dragon completely misses you.
The fire dragon tramples you but does no damage.
The fire dragon bites you. The fire dragon claws you!
* * * LOW HITPOINT WARNING * * *
The fire dragon tramples you but does no damage.
The fire dragon breathes flames at you. The blast of flame hits you!
* * * LOW HITPOINT WARNING * * *
Drink which item? (? for menu, Esc to quit)
You fade into invisibility!
The fire dragon breathes flames at you. The blast of flame hits you!
You die...

#..# #..# #..# #.## ####
###.# ....# .#### .##
######### ..# ####...≈≈≈≈#
#.###### ##.......≈≈≈##
#...(.(#####(...@D..≈≈≈≈#
######..(..........≈≈≈≈≈≈#
#####)........≈≈≈≈$$#
###......≈≈≈..$$)
##....≈≈≈....!?
###..≈≈≈≈....!
############


You could see a fire dragon.

Vanquished Creatures
  Pikel (D:8)
  Joseph (D:9)
  The ghost of Rexou the Sneak, a novice HEAM (D:5)
  A wyvern (D:8)
  Grum (D:8)
  Menkaure (D:6)
  2 hungry ghosts
  2 ice beasts
  2 ogres
  The ghost of Ginkk the Skirmisher, an amateur DsAK of Lugonu (D:7)
  A black bear (D:9)
  3 centaurs
  2 wolves (D:8)
  A big kobold (D:7)
  A giant frog (D:8)
  2 scorpions
  13 killer bees
  4 wights (D:8)
  3 howler monkeys (D:9)
  2 crimson imps
  A giant frog zombie (D:5)
  4 hounds
  3 orc priests
  4 jellies
  4 orc wizards
  7 worker ants
  2 hound zombies
  A hound skeleton (D:7)
  A howler monkey zombie (D:8)
  A worker ant zombie (D:5)
  8 adders
  4 gnolls (D:4)
  A shadow imp (D:8)
  3 oozes
  An adder zombie (D:5)
  6 worms
  4 dart slugs
  3 giant geckos
  16 orcs
  3 giant cockroaches
  8 goblins
  8 hobgoblins
  8 jackals
  7 kobolds
  5 quokkas
  2 ball pythons
  5 bats
  A giant gecko skeleton (D:4)
  5 giant newts
  6 rats
177 creatures vanquished.

Vanquished Creatures (others)
  4 slaves (D:9)
  A killer bee (D:9)
  A howler monkey (D:9)
  An orc wizard (D:9)
  2 orcs (D:9)
  4 toadstools (D:1)
13 creatures vanquished.

Grand Total: 190 creatures vanquished

Notes
Turn   | Place    | Note
--------------------------------------------------------------
     0 | D:1      | Kloppie the Hill Orc Berserker began the quest for the Orb.
     0 | D:1      | Reached XP level 1. HP: 19/19 MP: 1/1
   189 | D:1      | Reached XP level 2. HP: 25/27 MP: 2/2
   493 | D:1      | Reached ** piety under Trog
   494 | D:1      | Reached XP level 3. HP: 26/33 MP: 3/3
   672 | D:2      | Reached skill level 5 in Axes
  1009 | D:2      | Reached XP level 4. HP: 37/40 MP: 4/4
  1922 | D:3      | Reached *** piety under Trog
  1974 | D:3      | Reached XP level 5. HP: 47/47 MP: 5/5
  2284 | D:4      | Reached skill level 6 in Axes
  2337 | D:4      | Reached skill level 5 in Fighting
  2606 | D:4      | Reached XP level 6. HP: 54/57 MP: 6/6
  2799 | D:4      | Reached skill level 7 in Axes
  2947 | D:4      | Noticed a hungry ghost
  2959 | D:4      | Killed a hungry ghost
  2959 | D:4      | Reached XP level 7. HP: 64/64 MP: 7/7
  2974 | D:5      | Entered Level 5 of the Dungeon
  3171 | D:5      | Found a radiant altar of Vehumet.
  3172 | D:5      | Found a snail-covered altar of Cheibriados.
  3172 | D:5      | Found a bloodstained altar of Trog.
  3191 | D:5      | Found a basalt altar of Yredelemnul.
  3193 | D:5      | Found an oddly glowing altar of Pakellas.
  3245 | D:5      | Reached skill level 8 in Axes
  3254 | D:5      | Noticed Rexou's ghost (novice HEAM)
  3269 | D:5      | Killed Rexou's ghost
  3269 | D:5      | Reached skill level 9 in Axes
  3269 | D:5      | Reached XP level 8. HP: 74/74 MP: 8/8
  3420 | D:5      | Found an iron altar of Okawaru.
  3421 | D:5      | Found an opulent altar of Gozag.
  3424 | D:5      | Found a shadowy altar of Dithmenos.
  3425 | D:5      | Found an ancient bone altar of Kikubaaqudgha.
  3425 | D:5      | Found a stormy altar of Qazlal.
  3959 | D:6      | Found a glowing golden altar of the Shining One.
  3967 | D:6      | Noticed Menkaure
  3975 | D:6      | Killed Menkaure
  4158 | D:6      | Reached skill level 10 in Axes
  4728 | D:6      | Identified a scroll of acquirement
  4729 | D:6      | Got an ancient broad axe
  4730 | D:6      | Identified the +5 broad axe "Uraunlak" {chop, rElec} (You acquired it on level 6 of the Dungeon)
  4814 | D:7      | Noticed Ginkk's ghost (amateur DsAK)
  4822 | D:7      | Killed Ginkk's ghost
  5097 | D:7      | Reached **** piety under Trog
  5178 | D:7      | Reached XP level 9. HP: 55/83 MP: 9/9
  5200 | D:7      | Reached skill level 11 in Axes
  5203 | D:7      | Reached skill level 5 in Armour
  5328 | D:7      | Found a staircase to the Ecumenical Temple.
  5553 | D:8      | Noticed Grum
  5567 | D:8      | Killed Grum
  5611 | D:8      | Reached skill level 12 in Axes
  6107 | D:8      | Reached XP level 10. HP: 91/91 MP: 10/10
  6202 | D:9      | Noticed Pikel
  6218 | D:8      | Killed Pikel
  6218 | D:8      | Reached skill level 13 in Axes
  6783 | D:9      | Noticed Joseph
  6799 | D:9      | Killed Joseph
  6821 | D:9      | Noticed a fire dragon
  6831 | D:9      | Killed from afar by a fire dragon

Skill      XL: |  1  2  3  4  5  6  7  8  9 10 |
---------------+-------------------------------+-----
Fighting       | 4 5 6 7 9 |  9.4
Axes           | 5 6 7 9 10 12 13 | 13.9
Armour         | 4 7 9 |  9.0
Dodging        | |  1.5

Action                   |  1- 3 |  4- 6 |  7- 9 | 10-12 || total
-------------------------+-------+-------+-------+-------++-------
Melee: Hand axe          |   133 |   227 |    14 |       ||   374
       War axe           |       |       |   101 |       ||   101
       Broad axe         |       |       |   147 |    66 ||   213
Invok: Berserk           |     1 |     2 |     3 |     1 ||     7
       Trog's Hand       |       |       |     1 |     1 ||     2
  Use: Scroll            |       |       |    20 |     2 ||    22
       Potion            |       |       |       |     1 ||     1
  Eat: Chunk             |     1 |     8 |     8 |     1 ||    18
       Meat ration       |       |       |     3 |       ||     3
Armor: Leather armour    |    12 |       |       |       ||    12
       Animal skin       |     1 |       |       |       ||     1
       Chain mail        |    45 |   117 |   193 |    58 ||   413
Dodge: Dodged            |    59 |    86 |   131 |    32 ||   308
